Map: Submarine LE

Players

Vindicta - Winner!

  • Race: Terran Terran
  • League: Master
  • Spawn Location: 11:00

Cuddlebear

  • Race: Terran Terran
  • League: Master
  • Spawn Location: 5:00

Event: DreamHack SC2 Masters 2020 Fall

VOD

Have the link to the VOD?

Description

Time

  • Played on: Sept. 1, 2020, 3:59 p.m.
  • Length: 5:40

All games in this series

Show
View Real Time Build Order
Export as new Build Order

Vindicta Terran - Winner!

Build Orders: 1/1/1 

Get SALT Encoding   

  12  0:02  SCV  
  13  0:14  SCV  
  13  0:18  Supply Depot  
  14  0:26  SCV  
  15  0:30  Refinery  
  15  0:40  SCV  
  16  0:44  Barracks  
  16  0:52  SCV  
  16  0:55  Refinery  
  17  1:04  SCV  
  18  1:16  SCV  
  19  1:32  Orbital Command, Reaper  
  20  1:39  Factory  
  20  1:51  Supply Depot  
  20  1:58  SCV  
  21  2:05  Barracks Reactor  
  21  2:10  SCV  
  22  2:23  Hellion, SCV  
  22  2:24  Starport  
  25  2:30  Supply Depot  
  25  2:35  SCV  
  26  2:43  Reaper x2  
  28  2:46  Hellion  
  28  2:47  SCV  
  31  2:59  SCV  
  31  3:00  Medivac  
  34  3:08  Hellion  
  34  3:10  Supply Depot  
  36  3:17  Marine x2  
  38  3:29  Factory Tech Lab  
  38  3:32  SCV  
  39  3:37  Starport Tech Lab  
  39  3:39  Command Center  
  39  3:41  Marine  
  39  3:44  Marine  
  41  3:51  Cyclone  
  44  3:58  Banshee  
  47  4:09  Supply Depot  
  47  4:10  Marine x2  
  47  4:28  Siege Tank, Marine x2  
  50  4:34  SCV  
  37  4:53  SCV  
  37  4:54  Orbital Command  
  37  4:57  Marine  
  37  4:59  Marine  
  33  5:19  SCV  
  36  5:22  SCV  
Show
View Real Time Build Order
Export as new Build Order

Cuddlebear Terran 

Build Orders: Gas First Reaper Expand, Hellion Opening 

Get SALT Encoding   

  12  0:00  SCV  
  13  0:12  SCV  
  14  0:16  Supply Depot  
  14  0:24  SCV  
  14  0:27  Refinery  
  15  0:38  SCV  
  16  0:44  Barracks  
  16  0:50  SCV  
  17  1:02  SCV  
  18  1:14  SCV  
  19  1:31  Reaper  
  19  1:32  Orbital Command  
  20  1:49  Command Center  
  20  1:57  Factory  
  20  2:04  SCV  
  20  2:06  Barracks Reactor  
  21  2:16  SCV  
  21  2:18  Supply Depot  
  22  2:23  Refinery  
  22  2:28  SCV  
  23  2:40  SCV  
  23  2:43  Starport  
  24  2:50  Hellion x2  
  28  2:52  Barracks Tech Lab, SCV  
  29  3:02  Orbital Command  
  30  3:11  Hellion  
  32  3:13  Hellion  
  32  3:19  Marauder  
  35  3:23  Medivac  
  37  3:28  Concussive Shells  
  37  3:33  Hellion  
  39  3:36  Hellion  
  39  3:40  Marauder  
  43  3:44  Supply Depot  
  43  3:54  Hellion  
  45  4:06  Viking, Hellion  
  49  4:17  Supply Depot  
  49  4:18  SCV  
  48  4:24  Hellion  
  48  4:27  Hellion  
  24  4:46  Hellion  
  24  4:49  Hellion  
  24  4:52  SCV  
  24  4:57  SCV  
  23  5:07  Hellion  
  23  5:11  SCV  
  23  5:12  SCV  
  22  5:23  SCV  

Tags
 
Add a new tag
Caveats
  • Supply blocks, unpowered buildings, or Contaminate may cause inaccurate times.
  • Supply counts are checked every 10 seconds.